 Dungeon Crawl Stone Soup version 0.31-a0-237-g2d982f9f85 (webtiles) character file.

Game seed: 4348679444262495957

1346 funkygono the Cleaver (level 8, -3/70 HPs)
             Began as a Minotaur Fighter on July 11, 2023.
             Slain by a water moccasin zombie (5 damage)
             ... on level 5 of the Dungeon.
             The game lasted 00:08:59 (4633 turns).

funkygono the Cleaver (Minotaur Fighter)            Turns: 4633, Time: 00:08:59

Health: -3/70      AC: 14    Str: 22    XL:     8   Next: 36%
Magic:  7/7        EV:  7    Int:  5    God:
Gold:   209        SH:  5    Dex: 11    Spells: 7/7 levels left

rFire   . . .        a - +4 war axe
rCold   + . .        c - +0 buckler
rNeg    . . .        m - +0 plate armour {rC+}
rPois   .            (helmet restricted)
rElec   .            (no cloak)
rCorr   .            (no gloves)
SInv    .            x - +0 pair of boots
Will    .....        (no amulet) Stlth
                     (no ring)
HPRegen 0.31/turn    (no ring)
MPRegen 0.10/turn

%: no passive effects
@: mighty
A: horns 2, retaliatory headbutt
a: no special abilities


You were on level 5 of the Dungeon.
You visited 1 branch of the dungeon, and saw 5 of its levels.

You collected 209 gold pieces.

Inventory:

Hand Weapons
 a - a +4 war axe (weapon)
Missiles
 h - a throwing net
 k - 6 silver javelins
 p - 14 stones
Armour
 c - a +0 buckler (worn)
 m - a +0 plate armour of cold resistance (worn)
 t - a +3 ring mail of poison resistance
 x - a +0 pair of boots (worn)
Wands
 s - a wand of mindburst (24)
Scrolls
 b - a scroll of poison {unknown}
 f - 2 scrolls of fear
 j - a scroll of teleportation
Potions
 e - a potion of cancellation
 g - a potion of resistance
 i - 2 potions of curing {unknown}
 n - a potion of attraction
 o - 2 potions of mutation
 r - a potion of enlightenment
 u - a potion of brilliance {unknown}


   Skills:
 + Level 6.3 Fighting
 + Level 8.4 Axes
 + Level 6.6 Armour
 + Level 2.6 Dodging
 + Level 0.9 Stealth
 + Level 5.1 Shields


You had 7 spell levels left.
You didn't know any spells.
Your spell library contained the following spells:

 Spells                   Type           Power      Damage    Failure   Level
 Static Discharge         Conj/Air       0%         2-2/arc   100%        2
 Airstrike                Air            0%         2d(0-16)  100%        4
 Summon Lightning Spire   Summ/Air       0%         N/A       100%        4


Dungeon Overview and Level Annotations

Branches:
Dungeon (5/15)
 Temple: D:4-7

Altars:
Hepliaklqana
Sif Muna
Uskayaw

Annotations:
D:4 3 runed translucent doors, Anon1729's ghost, amateur MiMo


Innate Abilities, Weirdness & Mutations

You have a pair of horns on your head.
You reflexively headbutt those who attack you in melee.


Message History

You headbutt the orc priest, but do no damage.
The orc priest hits you but does no damage.
You hit the orc priest.
The orc priest is lightly wounded.
The orc priest looks satisfied for a moment.
The orc priest mumbles some strange prayers to Beogh against you.
Pain shoots through your body!
You slash the orc priest!
The orc priest is severely wounded.
The orc priest hits you with a +0 mace.
You closely miss the orc priest.
The orc priest is severely wounded.
The orc priest mumbles some strange prayers to Beogh against you.
Pain shoots through your body!
* * * LOW HITPOINT WARNING * * *
You closely miss the orc priest.
The orc priest is severely wounded.
The orc priest invokes the aid of Beogh against you.
Beogh smites you!
* * * LOW HITPOINT WARNING * * *
You closely miss the orc priest.
The orc priest is severely wounded.
The orc priest closely misses you. You furiously retaliate!
You headbutt the orc priest!
You kill the orc priest!
You slash the howler monkey zombie!
The howler monkey zombie is severely damaged.
The howler monkey zombie hits you but does no damage.
You slash the howler monkey zombie!
You destroy the howler monkey zombie!
You feel very mighty all of a sudden. The water moccasin zombie bites you.
* * * LOW HITPOINT WARNING * * *
The water moccasin zombie barely misses you.
You furiously retaliate!
You headbutt the water moccasin zombie!!
You slash the water moccasin zombie!
The water moccasin zombie is almost destroyed.
The water moccasin zombie bites you.
You die...

..... ...
... ...
.§§ #.#
... #Z#
§§# #Z#
#§# #@#
#.# #)#
#.# #.#
#.## ###.#
#.# #..#
.... #.#
##<# #...
#.# ##..
#..# #.#
#######...
#.)# #.#
#.........
#..# #.#
#.####....


You could see a water moccasin zombie and a bullfrog zombie.

Vanquished Creatures
  Grinder (D:3)
  An ice beast (D:4)
  An orc warrior (D:5)
  An ogre (D:4)
  2 phantoms
  2 scorpions
  A bullfrog zombie (D:5)
  A centaur zombie (D:5)
  3 orc priests (D:5)
  3 hounds
  Ijyb (D:3)
  2 iguanas
  2 orc wizards
  A howler monkey zombie (D:5)
  9 gnolls
  5 adders
  An adder skeleton (D:5)
  3 worms
  2 dart slugs
  11 orcs
  10 endoplasms
  3 giant cockroaches
  9 goblins
  7 hobgoblins
  3 jackals (D:2)
  3 quokkas
  7 ball pythons
  5 bats
  5 frilled lizards
  3 kobolds
  7 rats
115 creatures vanquished.

Notes
Turn   | Place    | Note
-------+----------+-------------------------------------------
     0 | D:1      | funkygono the Minotaur Fighter began the quest for the Orb.
     0 | D:1      | Reached XP level 1. HP: 19/19 MP: 0/0
    66 | D:1      | Found a faded altar of an unknown god.
   154 | D:1      | Reached XP level 2. HP: 27/27 MP: 1/1
   721 | D:2      | Reached skill level 1 in Dodging
   721 | D:2      | Reached XP level 3. HP: 33/33 MP: 2/2
   868 | D:2      | Reached skill level 3 in Axes
  1197 | D:2      | Reached XP level 4. HP: 41/41 MP: 3/3
  1873 | D:3      | Found a hide-covered altar of Uskayaw.
  1883 | D:3      | Found a shimmering blue altar of Sif Muna.
  1927 | D:3      | Noticed Ijyb
  1929 | D:3      | Reached XP level 5. HP: 47/47 MP: 4/4
  1939 | D:3      | Killed Ijyb
  1940 | D:3      | Reached skill level 4 in Axes
  2098 | D:3      | You fall into a shaft and drop 1 floor!
  2225 | D:4      | Found a runed translucent gate.
  2227 | D:4      | Found a runed translucent gate.
  2229 | D:4      | Found a runed translucent gate.
  2229 | D:4      | Noticed Anon1729's ghost (amateur MiMo)
  2287 | D:3      | Noticed Grinder
  2299 | D:3      | Paralysed by Grinder for 2 turns
  2310 | D:3      | Killed Grinder
  2311 | D:3      | Reached skill level 5 in Fighting
  2311 | D:3      | Reached skill level 5 in Axes
  2311 | D:3      | Reached skill level 5 in Armour
  2311 | D:3      | Reached XP level 6. HP: 23/56 MP: 5/5
  3066 | D:4      | Noticed an ice beast
  3073 | D:4      | Killed an ice beast
  3074 | D:4      | Reached skill level 6 in Axes
  3074 | D:4      | Reached XP level 7. HP: 50/61 MP: 6/6
  3418 | D:4      | Reached skill level 5 in Shields
  3521 | D:4      | Reached skill level 7 in Axes
  3602 | D:4      | Found a hazy altar of Hepliaklqana.
  4110 | D:5      | Entered Level 5 of the Dungeon
  4238 | D:5      | Reached XP level 8. HP: 13/70 MP: 7/7
  4325 | D:5      | Reached skill level 8 in Axes
  4628 | D:5      | HP: 3/70 [orc priest/divine providence (15)]
  4632 | D:5      | HP: 1/70 [water moccasin zombie (3)]
  4633 | D:5      | Slain by a water moccasin zombie

Illustrated notes

Levels and vault maps discovered:
D:1:      mainiacjoe_arrival_reflecting_pool, layout_basic,
          hellmonk_ecumenical_altar_blasted
D:2:      layout_basic
D:3:      layout_loops_ring, mainiacjoe_overflow_large_starburst,
          minmay_increasing_density, uniq_grinder, uniq_ijyb
D:4:      layout_loops_ring, worldfamousw_hep_ancestral_shrine,
          gammafunk_ghost_split, grunt_ministairs_1
D:5:      layout_loops_ring, serial_undead, serial_undead_a, serial_undead_c,
          serial_undead_d, serial_undead_d, serial_undead_a, serial_undead_d

Skill      XL: |  1  2  3  4  5  6  7  8 |
---------------+-------------------------+-----
Fighting       | 4 5 6 |  6.3
Shields        | 4 5 |  5.1
Armour         | 4 5 6 |  6.6
Dodging        | 1 2 |  2.6
Axes           | 3 5 6 7 8 |  8.4
Stealth        | |  0.9

Action                     |  1- 3 |  4- 6 |  7- 9 || total
---------------------------+-------+-------+-------++-------
  Melee: War axe           |    45 |   113 |   127 ||   285
         Headbutt          |     6 |     9 |    14 ||    29
    Use: Scroll            |       |    16 |       ||    16
         Potion            |       |       |     1 ||     1
 Armour: Scale mail        |    11 |    21 |       ||    32
         Ring mail         |       |    15 |    15 ||    30
         Chain mail        |       |       |     8 ||     8
         Plate armour      |       |       |    19 ||    19
  Dodge: Dodged            |    20 |    43 |    46 ||   109
  Block: Buckler           |     8 |    24 |    28 ||    60

Table legend: (Time is in decaauts)
 A = Elapsed time spent in this place.
 B = Non-inter-level travel time spent in this place.
 C = Inter-level travel time spent in this place.
 D = Time resting spent in this place.
 E = Time spent auto-exploring this place.
 F = Levels seen in this place.
 G = Mean time per level.
                   A        B        C        D        E       F      G
               +--------+--------+--------+--------+--------+-----+--------+
         Total |   4707 |   4388 |    319 |     34 |   3413 |   5 |  941.4 |
       Dungeon |   4707 |   4388 |    319 |     34 |   3413 |   5 |  941.4 |
               +--------+--------+--------+--------+--------+-----+--------+

Top non-repeatable levels by time:
     D:3: 1409 daAuts
     D:4: 1125 daAuts
     D:2: 919 daAuts
     D:1: 720 daAuts
     D:5: 532 daAuts
